 Dungeon Crawl Stone Soup version 0.27.0-1-g7a089689b8 (webtiles) character file.

Game seed: 1204601959369444238

823 Froggeryz the Cutter (level 7, 0/69 HPs)
             Began as an Octopode Berserker on Aug 16, 2021.
             Was a Priest of Trog.
             Slain by Pikel (10 damage)
             ... on level 5 of the Dungeon.
             The game lasted 00:04:41 (4655 turns).

Froggeryz the Cutter (Octopode Berserker)           Turns: 4655, Time: 00:04:41

Health: 0/69       AC:  1    Str: 16    XL:     7   Next: 96%
Magic:  7/7        EV: 14    Int: 15    God:    Trog [***...]
Gold:   207        SH:  0    Dex: 14    Spells: 6/6 levels left

rFire    . . .     SeeInvis .   q - +3 dagger (elec)
rCold    . . .     Faith    .   (no shield)
rNeg     . . .     Spirit   .   (helmet restricted)
rPois    .         Reflect  .   (no amulet)
rElec    .         Harm     .   m - +6 ring of intelligence
rCorr    .         Rampage  .   (no ring)
Will     .....                  (no ring)
Stlth    ..........             (no ring)
HPRegen  0.21/turn              (no ring)
MPRegen  0.10/turn              (no ring)
                                (no ring)
                                (no ring)

@: berserking, very quick
A: almost no armour, amphibious, 8 rings, camouflage 1, gelatinous body 1,
(nimble swimmer 1), tentacles
a: Renounce Religion, Berserk, Trog's Hand


You were on level 5 of the Dungeon.
You worshipped Trog.
Trog was most pleased with you.
You visited 1 branch of the dungeon, and saw 5 of its levels.

You collected 207 gold pieces.

Inventory:

Hand Weapons
 l - a +5 quick blade
 q - a +3 dagger of electrocution (weapon)
Missiles
 k - a throwing net (quivered)
Jewellery
 m - a +6 ring of intelligence (left tentacle)
Wands
 a - a wand of digging (3)
 n - a wand of flame (26)
 r - a wand of iceblast (5)
 s - a wand of acid (10)
Scrolls
 e - a scroll of noise {unknown}
 j - 3 scrolls of magic mapping
Potions
 b - 3 potions of cancellation {unknown}
 c - a potion of haste
 d - a potion of invisibility {unknown}
 f - a potion of mutation {unknown}
 h - a potion of ambrosia {unknown}
 i - a potion of curing {unknown}


   Skills:
 - Level 3.0 Fighting
 * Level 7.7 Short Blades
 - Level 3.0 Dodging
 + Level 6.9 Stealth


You had 6 spell levels left.
You didn't know any spells.
Your spell library was empty.

Dungeon Overview and Level Annotations

Branches:
Dungeon (5/15)
 Temple: D:4-7

Altars:
Elyvilon
Uskayaw
Wu Jian
The Shining One

Annotations:
D:5 Pikel


Innate Abilities, Weirdness & Mutations

You cannot wear most types of armour.
You are amphibious.
You can wear up to eight rings at the same time.
Your skin changes colour to match your surroundings (Stealth+).
Your rubbery body absorbs attacks. (AC +1, EV +1)
((You are camouflaged near water. (Stealth+)))
You have tentacles for arms and can constrict up to eight enemies at once.


Message History

You constrict the lemure.
A lemure comes into view.
You hit the lemure but do no damage.
The lemure is almost dead.
You constrict the lemure, but do no damage.
The lemure hits you.
You hit the lemure but do no damage.
The lemure is almost dead.
You constrict the lemure. The lemure hits you!
You hit the lemure but do no damage.
The lemure is almost dead.
You constrict the lemure.
You release your grip on the lemure.
Okay, then.
Unknown command.
A necrophage comes into view.
A red film seems to cover your vision as you go berserk!
You feel yourself moving faster!
You feel mighty!
A lemure comes into view.
Pikel hits you with a +2 whip of electrocution!
The lemure shouts!
You hit Pikel but do no damage. Lightning courses through Pikel!
Your grab misses Pikel.
Pikel is moderately wounded.
You closely miss Pikel. Your grab misses Pikel.
Pikel is moderately wounded.
You miss Pikel. You grab Pikel.
Pikel is moderately wounded.
You constrict Pikel, but do no damage.
Pikel hits you with a +2 whip of electrocution!
You are electrocuted!
* * * LOW HITPOINT WARNING * * *
You puncture Pikel!
Pikel is heavily wounded.
You constrict Pikel, but do no damage. The necrophage closely misses you.
You puncture Pikel! You squeeze Pikel.
Pikel is severely wounded.
You constrict Pikel, but do no damage.
Pikel hits you with a +2 whip of electrocution!
You die...

### #..#... ....
#.$...##
.....##..?..5###
..........#..#5###.#
#.........#.5[h5.... #
#..........5# ###
#........#.h##
#.###......#.###K##.#..#
................@n......
..#..#.....##.....#.....
..#..#......#....## ....
.....#.....##..### ...
.)#.......###.... ..
รท.#..........:... .
.))).............#
#..).............#
###.#########...#


You could see Pikel, 3 lemures, a necrophage and a hound.

Vanquished Creatures
  Sigmund (D:4)
  Edmund (D:4)
  A water moccasin skeleton (D:4)
  A crimson imp (D:3)
  A jelly (D:4)
  A bullfrog skeleton (D:5)
  2 orc priests (D:4)
  Natasha (thrice) (D:4)
  4 orc wizards
  4 gnolls (D:4)
  4 adders
  A white imp (D:5)
  2 worms
  A dart slug (D:1)
  13 orcs
  5 ball pythons
  4 bats
  4 endoplasms
  2 giant cockroaches
  2 goblins
  5 hobgoblins
  6 jackals
  5 quokkas
  6 frilled lizards
  2 goblin skeletons (D:3)
  A goblin zombie (D:3)
  2 hobgoblin zombies (D:3)
  5 kobolds
  2 kobold skeletons (D:3)
  A kobold zombie (D:3)
  An orc zombie (D:3)
  2 rats (D:2)
95 creatures vanquished.

Notes
Turn   | Place    | Note
-------+----------+-------------------------------------------
     0 | D:1      | Froggeryz the Octopode Berserker began the quest for the
                  | Orb.
     0 | D:1      | Reached XP level 1. HP: 16/16 MP: 1/1
   328 | D:1      | Reached skill level 1 in Stealth
   349 | D:1      | Reached XP level 2. HP: 21/21 MP: 2/2
  1000 | D:2      | HP: 1/21 [adder (5)]
  1004 | D:2      | Reached XP level 3. HP: 3/26 MP: 3/3
  1364 | D:2      | Reached skill level 4 in Short Blades
  1432 | D:2      | Reached ** piety under Trog
  1587 | D:2      | Reached XP level 4. HP: 30/31 MP: 4/4
  2178 | D:3      | Found an ornate altar of the Wu Jian Council.
  2255 | D:3      | Found a glowing golden altar of the Shining One.
  2269 | D:3      | Reached XP level 5. HP: 26/36 MP: 5/5
  2621 | D:4      | Noticed Sigmund
  2625 | D:4      | Reached skill level 5 in Short Blades
  2630 | D:4      | Reached *** piety under Trog
  2637 | D:4      | Killed Sigmund
  2638 | D:4      | Reached skill level 6 in Short Blades
  2638 | D:4      | Reached skill level 5 in Stealth
  2638 | D:4      | Reached XP level 6. HP: 26/42 MP: 6/6
  3042 | D:4      | Noticed Edmund
  3051 | D:4      | Killed Edmund
  3052 | D:4      | Reached XP level 7. HP: 46/46 MP: 7/7
  3064 | D:3      | Identified a scroll of acquirement
  3064 | D:3      | Acquired a +5 quick blade
  3162 | D:4      | Noticed Natasha
  3164 | D:4      | Killed Natasha
  3190 | D:4      | Found a white marble altar of Elyvilon.
  3215 | D:4      | Reached skill level 7 in Short Blades
  3400 | D:4      | Noticed Natasha
  3846 | D:4      | Killed Natasha
  4176 | D:4      | Noticed Natasha
  4213 | D:4      | Killed Natasha
  4309 | D:4      | Found a hide-covered altar of Uskayaw.
  4365 | D:5      | Entered Level 5 of the Dungeon
  4637 | D:5      | Noticed Pikel
  4655 | D:5      | Slain by Pikel

Illustrated notes

Levels and vault maps discovered:
D:1:      minmay_arrival_stair_chambers, layout_loops_ring
D:2:      layout_loops_ring
D:3:      layout_rooms, nzn_wu_jian_contemplation, nicolae_tso_besieged_by_evil
D:4:      layout_layer_cave, old_standard_altar, lemuel_round_altar,
          uniq_edmund, uniq_sigmund, uniq_natasha
D:5:      minmay_opposing_rooms, layout_cave_pools, bloody_trog,
          grunt_decor_resistance, minmay_misc_feat_iff, uniq_pikel

Skill      XL: |  1  2  3  4  5  6  7 |
---------------+----------------------+-----
Stealth        | 1 2 3 5 6 |  6.9
Short Blades   | 4 6 7 |  7.7
Fighting       | |  3.0
Dodging        | |  3.0

Action                   |  1- 3 |  4- 6 |  7- 9 || total
-------------------------+-------+-------+-------++-------
Melee: Short sword       |    67 |    26 |       ||    93
       Constrict         |    12 |    22 |    11 ||    45
       Tentacles         |    11 |    14 |     7 ||    32
       Dagger            |       |    58 |    55 ||   113
Invok: Berserk           |     1 |     3 |     2 ||     6
       Trog's Hand       |       |     1 |       ||     1
  Use: Scroll            |       |       |     9 ||     9
 Stab: Sleeping          |    16 |     5 |     4 ||    25
       Distracted        |       |       |     1 ||     1
Armor: Skin              |     4 |     4 |     4 ||    12
Dodge: Dodged            |    32 |    33 |    22 ||    87
